 Dungeon Crawl Stone Soup version 0.27.1-3-gb3d3a73c9e (webtiles) character file.

Game seed: 13760849298184041586

1876 horus123 the Frost Mage (level 8, -2/41 HPs)
             Began as a Deep Elf Conjurer on Oct 30, 2021.
             Was a Follower of Sif Muna.
             Slain by Maggie (20 damage)
             ... on level 6 of the Dungeon.
             The game lasted 00:14:39 (5805 turns).

horus123 the Frost Mage (Deep Elf Conjurer)         Turns: 5805, Time: 00:14:39

Health: -2/41      AC:  5    Str:  4    XL:     8   Next: 91%
Magic:  13/19      EV: 13    Int: 26    God:    Sif Muna [*.....]
Gold:   190        SH:  0    Dex: 13    Spells: 4/19 levels left

rFire    + . .     SeeInvis .   m - staff of conjuration
rCold    x . .     Faith    .   (no shield)
rNeg     . . .     Spirit   .   a - +0 robe
rPois    +         Reflect  .   (no helmet)
rElec    .         Harm     .   f - +2 cloak {rPois}
rCorr    .         Rampage  .   (no gloves)
Will     .....                  (no boots)
Stlth    ++........             j - amulet of magic regeneration
HPRegen  0.13/turn              p - ring of fire
MPRegen  0.41/turn              (no ring)

@: mesmerised
A: no striking features
a: Renounce Religion, Channel Magic


You were on level 6 of the Dungeon.
You worshipped Sif Muna.
Sif Muna was aware of your devotion.
You visited 1 branch of the dungeon, and saw 6 of its levels.

You collected 190 gold pieces.

Inventory:

Armour
 a - a +0 robe (worn)
 b - a scarf of resistance
 f - a +2 cloak of poison resistance (worn)
Magical Staves
 m - a staff of conjuration (weapon)
Jewellery
 j - an amulet of magic regeneration (around neck)
 p - a ring of fire (left hand)
 r - a ring of wizardry
Wands
 n - a wand of polymorph (16)
 s - a wand of iceblast (9)
 u - a wand of paralysis (9)
 y - a wand of acid (7)
Scrolls
 l - a scroll of enchant weapon
 o - a scroll of blinking
 q - a scroll of magic mapping {unknown}
 t - a scroll of amnesia
 x - a scroll of vulnerability {unknown}
Potions
 c - 4 potions of mutation
 d - a potion of magic
 e - 5 potions of curing
 g - a potion of degeneration
 h - a potion of flight
 i - a potion of cancellation
 k - 2 potions of brilliance
 v - a potion of resistance {unknown}
 w - a potion of heal wounds {unknown}


   Skills:
 - Level 4.2 Dodging
 - Level 2.4 Stealth
 - Level 6.4 Spellcasting
 - Level 5.0 Conjurations
 - Level 6.0 Hexes
 - Level 8.3 Ice Magic
 + Level 1.5 Air Magic
 - Level 4.0 Invocations


You had 4 spell levels left.
You knew the following spells:

 Your Spells              Type           Power      Damage    Failure   Level
a - Magic Dart            Conj           100%       1d8       1%          1
b - Searing Ray           Conj           100%       3d7       1%          2
c - Dazzling Flash        Conj/Hex       100%       N/A       1%          3
d - Fulminant Prism       Conj/Hex       27%        3d14      7%          4
e - Freezing Cloud        Conj/Ice/Air   25%        6-21      24%         5

Your spell library contained the following spells:

 Spells                   Type           Power      Damage    Failure   Level
 Slow                     Hex            39%        N/A       1%          2
 Confusing Touch          Hex            39%        N/A       1%          3
 Beastly Appendage        Tmut           16%        N/A       7%          1
 Corpse Rot               Necr/Air       N/A        N/A       8%          2
 Poisonous Vapours        Pois/Air       24%        N/A       8%          2
 Wereblood                Tmut           8%         N/A       10%         2
 Spider Form              Tmut/Pois      4%         N/A       21%         3
 Vampiric Draining        Necr           4%         2d6       21%         3
 Iskenderun's Mystic Bla  Conj/Tloc      32%        2d8       24%         4


Dungeon Overview and Level Annotations

Branches:
Dungeon (6/15)
 Temple: D:4-7

Altars:
Elyvilon
Sif Muna
Xom

Shops:
D:2 [

Annotations:
D:4 Natasha
D:6 Maggie


Message History

Confirm with . or Enter, or press ? or * to list all spells.
Aiming: Searing Ray (safe; 1% risk of failure)
Press: ? - help, Shift-Dir - straight line, f - Maggie
Aim: Maggie, wielding a +0 glaive and wearing +2 swamp dragon scales (mesmerising, 85% to hit)
You feel a surge of power!
The searing ray hits Maggie!
Maggie is lightly wounded. (Press . to maintain the ray.)
The searing ray hits Maggie.
Maggie is lightly wounded.
The searing ray hits Maggie!
Maggie is moderately wounded.
Maggie barely misses you.
The searing ray hits Maggie!
Maggie is heavily wounded.
You finish channeling your searing ray.
Maggie hits you from afar with a +0 glaive!
Casting: Searing Ray (safe; 1% risk of failure)
Confirm with . or Enter, or press ? or * to list all spells.
Aiming: Searing Ray (safe; 1% risk of failure)
Press: ? - help, Shift-Dir - straight line, f/p - Maggie
Aim: Maggie, wielding a +0 glaive and wearing +2 swamp dragon scales (heavily wounded, mesmerising, 85% to hit)
You feel a surge of power!
The searing ray hits Maggie.
Maggie is heavily wounded. (Press . to maintain the ray.) Maggie hits you from afar with a +0 glaive!
* * * LOW HITPOINT WARNING * * *
You feel better.
Maggie casts a spell.
Maggie draws you further into her thrall.
Maggie completely misses you.
Casting: Searing Ray (safe; 1% risk of failure)
Confirm with . or Enter, or press ? or * to list all spells.
Aiming: Searing Ray (safe; 1% risk of failure)
Press: ? - help, Shift-Dir - straight line, f/p - Maggie
Aim: Maggie, wielding a +0 glaive and wearing +2 swamp dragon scales (heavily wounded, mesmerising, 85% to hit)
You feel a surge of power!
The searing ray hits Maggie!
Maggie is severely wounded. (Press . to maintain the ray.) Maggie hits you from afar with a +0 glaive!!
You die...

#.####.######)####.#..#
#.# #.# #..).....#.##
#.# #.# #.#.######.#
..# #.# #.#.....##.#
### #.# #.......##.# #
#.# ##########.# # #..
#.# # ### #.#######.# #
#..@.@....# #
###########


You could see Maggie (mesmerising).

Vanquished Creatures
  A two-headed ogre (D:6)
  Sigmund (D:2)
  A necrophage (D:5)
  A sky beast (D:6)
  A black bear (D:4)
  A phantom (D:5)
  A bullfrog (D:6)
  2 scorpions
  A wyvern skeleton (D:6)
  2 bullfrog zombies (D:6)
  3 jellies
  A bullfrog skeleton (D:6)
  A centaur skeleton (D:5)
  Ijyb (D:4)
  3 orc wizards
  A killer bee zombie (D:5)
  A hound skeleton (D:4)
  Robin (D:2)
  5 adders
  A white imp (D:4)
  2 worms (D:2)
  2 dart slugs (D:1)
  12 orcs
  5 ball pythons
  8 endoplasms
  2 giant cockroaches (D:4)
  10 goblins
  10 hobgoblins
  An iguana (D:4)
  5 jackals
  7 kobolds
  3 quokkas
  3 bats
  4 frilled lizards
104 creatures vanquished.

Notes
Turn   | Place    | Note
-------+----------+-------------------------------------------
     0 | D:1      | horus123 the Deep Elf Conjurer began the quest for the Orb.
     0 | D:1      | Reached XP level 1. HP: 10/10 MP: 6/6
   263 | D:1      | Reached XP level 2. HP: 15/15 MP: 7/9
   266 | D:1      | Learned a level 2 spell: Searing Ray
  1409 | D:2      | Reached skill level 5 in Conjurations
  1530 | D:2      | Found a faded altar of an unknown god.
  1794 | D:2      | Noticed Robin
  1797 | D:2      | Reached XP level 3. HP: 19/19 MP: 5/10
  1798 | D:2      | Reached skill level 1 in Hexes
  1801 | D:2      | Killed Robin
  1998 | D:2      | Noticed Sigmund
  2007 | D:2      | Killed Sigmund
  2008 | D:2      | Reached XP level 4. HP: 3/24 MP: 4/12
  2008 | D:2      | Reached XP level 5. HP: 4/28 MP: 4/13
  2279 | D:2      | Learned a level 3 spell: Dazzling Flash
  2284 | D:2      | Learned a level 4 spell: Fulminant Prism
  2412 | D:2      | Found Paghir's Antique Armour Shop.
  2898 | D:3      | Found a shimmering blue altar of Sif Muna.
  2908 | D:3      | Reached XP level 6. HP: 32/32 MP: 11/14
  2922 | D:3      | Became a worshipper of Sif Muna the Loreminder
  3212 | D:4      | Found a shimmering altar of Xom.
  3276 | D:4      | Reached skill level 1 in Invocations
  3445 | D:4      | Noticed Ijyb
  3452 | D:4      | Killed Ijyb
  3551 | D:4      | Found a sand-covered staircase.
  4079 | D:4      | Reached XP level 7. HP: 36/36 MP: 11/15
  4216 | D:4      | Found a white marble altar of Elyvilon.
  4216 | D:4      | Noticed Natasha
  4443 | D:4      | Identified a scroll of acquirement
  4443 | D:4      | Acquired a staff of conjuration
  4492 | D:5      | Entered Level 5 of the Dungeon
  4556 | D:5      | Reached skill level 5 in Spellcasting
  4754 | D:5      | Reached * piety under Sif Muna
  5077 | D:5      | Learned a level 5 spell: Freezing Cloud
  5138 | D:5      | Reached skill level 2 in Ice Magic
  5338 | D:6      | Reached skill level 3 in Ice Magic
  5392 | D:6      | Reached XP level 8. HP: 41/41 MP: 13/19
  5475 | D:6      | Reached skill level 4 in Ice Magic
  5479 | D:6      | Noticed a two-headed ogre
  5487 | D:6      | Reached skill level 5 in Ice Magic
  5491 | D:6      | Killed a two-headed ogre
  5492 | D:6      | Reached skill level 8 in Ice Magic
  5637 | D:6      | Reached skill level 1 in Air Magic
  5793 | D:6      | Noticed Maggie
  5805 | D:6      | Slain by Maggie

Illustrated notes

Levels and vault maps discovered:
D:1:      shiori_angband_town, layout_basic, minmay_tiny_reverse_x
D:2:      layout_basic, serial_shops, nicolae_shop_stone,
          shapermc_ecumenical_altar_acropolis, uniq_sigmund, uniq_robin
D:3:      layout_rooms, led_sif_book, hangedman_feature_mirror, minmay_circle_x
D:4:      layout_loops_ring, nicolae_overflow_hidden_temple, dk_xom_monty_hall,
          enter_ossuary_1, chequers_serial_rivers_small_b, corner_web_ring,
          grunt_ministairs_14, corexii_hall_statues_i,
          minmay_fractal_squares_gapless_5, uniq_natasha, uniq_ijyb
D:5:      layout_loops_ring, minmay_door_square
D:6:      layout_basic, uniq_maggie

Skill      XL: |  1  2  3  4  5  6  7  8 |
---------------+-------------------------+-----
Spellcasting   | 4 6 |  6.4
Conjurations   | 5 |  5.0
Hexes          | 6 |  6.0
Dodging        | 3 4 |  4.2
Invocations    | 4 |  4.0
Ice Magic      | 3 8 |  8.3
Air Magic      | 1 |  1.5
Stealth        | |  2.4

Action                   |  1- 3 |  4- 6 |  7- 9 || total
-------------------------+-------+-------+-------++-------
 Cast: Magic Dart        |    39 |    85 |    40 ||   164
       Searing Ray       |     6 |     9 |    19 ||    34
       Dazzling Flash    |       |     2 |       ||     2
  Use: Scroll            |     2 |     4 |     9 ||    15
       Potion            |       |       |     2 ||     2
Armor: Robe              |     2 |     4 |     2 ||     8
Dodge: Dodged            |     2 |     6 |     9 ||    17
